 Dungeon Sprint DCSS version 0.31-a0-879-g1609e0ac53 (webtiles) character file.

Game seed: 528390210186035315

10 rocky1 the Ducker (level 2, 0/24 HPs)
             Began as a Djinni Gladiator on Oct 14, 2023.
             Slain by a water moccasin (1 damage)
             ... in the Dungeon (Sprint II: "The Violet Keep of Menkaure") on Oct 15, 2023.
             The game lasted 00:00:29 (42 turns).

rocky1 the Ducker (Djinni Gladiator)                  Turns: 42, Time: 00:00:29

Health: 0/24       AC:  4    Str: 13    XL:     2   Next: 30%
Gold:   243        EV: 13    Int:  9    God:
                   SH:  0    Dex: 14

rFire   + + .        a - +0 long sword
rCold   x . .        (no shield)
rNeg    . . .        b - +0 leather armour
rPois   ∞            c - +0 helmet
rElec   .            (no cloak)
rCorr   .            (no gloves)
SInv    .            (boots unavailable)
Will    .....        (no amulet)
Stlth   +            (no ring)
HPRegen 0.24/turn    (no ring)
MPRegen 0.00/turn

%: no teleportation, infuse magic (-1 HP)
@: flying
A: sickness immunity, fire resistance 2, cold vulnerability 1, float, innate
caster, HP casting, extra vitality 1
a: no special abilities


You were in the Dungeon.
You visited 1 branch You collected 243 gold pieces.

Inventory:

Hand Weapons
 a - a +0 long sword (weapon)
Missiles
 d - 3 throwing nets (quivered)
 e - a javelin
Armour
 b - a +0 leather armour (worn)
 c - a +0 helmet (worn)
Scrolls
 j - a scroll of blinking
Potions
 f - a potion of curing
 g - a potion of heal wounds
 h - a potion of haste
 i - a potion of berserk rage


   Skills:
 + Level 2.4 Fighting
 + Level 3.6 Long Blades
 + Level 1.9 Throwing
 + Level 4.2 Dodging You didn't know any spells. Your spell library was empty.

Dungeon Overview and Level Annotations

Branches:
Dungeon (1/1)

Altars:


Innate Abilities, Weirdness & Mutations

You are immune to sickness and miasma.
You are immune to poison.
Your flesh is very heat resistant. (rF++)
You are vulnerable to cold. (rC-)
You float through the air rather than walking.
You learn spells naturally, not from books.
Your magical power is your life essence.
You have superior vitality. (+4 MHP)


Message History

A water moccasin comes into view.
The water moccasin hisses angrily.
The water moccasin bites you but does no damage.
The water moccasin bites you.
You barely miss the water moccasin. The water moccasin barely misses you.
The water moccasin closely misses you.
You miss the water moccasin.
The water moccasin is engulfed in a cloud of scalding steam.
The water moccasin misses you.
You miss the water moccasin.
The water moccasin is lightly wounded.
The water moccasin is engulfed in a cloud of scalding steam.
The water moccasin closely misses you.
The water moccasin is engulfed in a cloud of scalding steam.
The water moccasin bites you.
You barely miss the water moccasin.
The water moccasin is heavily wounded.
The water moccasin bites you. The water moccasin misses you.
You closely miss the water moccasin.
The water moccasin is heavily wounded.
The water moccasin closely misses you.
You hit the water moccasin but do no damage.
The water moccasin is heavily wounded.
The water moccasin misses you. x2
You barely miss the water moccasin.
The water moccasin is heavily wounded.
The water moccasin bites you!
* * * LOW HITPOINT WARNING * * *
The water moccasin bites you but does no damage.
You miss the water moccasin.
The water moccasin is heavily wounded.
The water moccasin bites you.
* * * LOW HITPOINT WARNING * * *
The water moccasin misses you.
Welcome back, rocky1 the Djinni Gladiator. [Dungeon Sprint] Press ? for a list of commands and other information.
You miss the water moccasin.
The water moccasin is moderately wounded.
The water moccasin bites you.
You die...

##.##B.$# +.<.+#
.##
##.##B..#....
##†# .##....
##..#####~§.§.
#..##.#~~§~~§~
##.#†##~~§§~~§
#~~##'##S~§≈≈§§§
#~~~~~~@~~~≈≈§§
#+++#+++#~≈≈≈§≈
≈≈SS≈ §§≈##
≈≈§≈§§ ≈≈#
+≈≈§§○≈≈≈ ≈# ##
≈§§≈≈≈ ≈§
#§§§§≈≈° # ##+


You could see a water moccasin.

Vanquished Creatures
  3 worms (D)
3 creatures vanquished.

Notes
Turn   | Place    | Note
-------+----------+-------------------------------------------
     0 | D        | rocky1 the Djinni Gladiator began the quest for the Orb.
     0 | D        | Reached XP level 1. HP: 18/18 MP: 0/0
     1 | D        | Noticed a boulder beetle
     1 | D        | Noticed a boulder beetle
    19 | D        | Reached skill level 4 in Dodging
    19 | D        | Reached XP level 2. HP: 13/23 MP: 0/0
    25 | D        | Noticed a lava snake
    26 | D        | Noticed a lava snake
    26 | D        | Noticed a lava snake
    26 | D        | Noticed a lava snake
    31 | D        | Noticed a water moccasin
    41 | D        | HP: 1/24 [water moccasin (3)]
    42 | D        | Upgraded the game from 0.31-a0-876-gfe8ebadbca to
                  | 0.31-a0-879-g1609e0ac53
    42 | D        | Slain by a water moccasin

Illustrated notes

Levels and vault maps discovered:
D:        the_violet_keep_of_menkaure [sprint2_stairs_cluster_1,
          sprint2_shoproom, sprint2_temple, sprint2_basic_supplies,
          sprint2_obstacle_5, sprint2_obstacle_3, sprint2_obstacle_4,
          sprint2_obstacle_1, sprint2_obstacle_6, sprint2_timed_cluster_1,
          sprint2_smallroom_cluster_1, sprint2_smallroom_final_cluster_1,
          sprint2_transparent_cluster_1, sprint2_second_timed_cluster_1,
          sprint2_sniper_area_1, sprint2_heavy_combat_area_1,
          sprint2_mutation_trap_area_1, sprint2_forest_area_1,
          sprint2_light_combat_area_1, sprint2_behind_water_1,
          sprint2_near_end_vault_1]

Skill      XL: |  1 |
---------------+----+-----
Long Blades    | 3 |  3.6
Dodging        | 4 |  4.2
Fighting       | |  2.4
Throwing       | |  1.9

Action                     || total
---------------------------++-------
  Melee: Long sword        ||    22
 Armour: Leather armour    ||    11
  Dodge: Dodged            ||    12

Table legend: (Time is in decaauts)
 A = Elapsed time spent in this place.
 B = Non-inter-level travel time spent in this place.
 C = Inter-level travel time spent in this place.
 D = Time resting spent in this place.
 E = Time spent auto-exploring this place.
 F = Levels seen in this place.
 G = Mean time per level.
                   A        B        C        D        E       F      G
               +--------+--------+--------+--------+--------+-----+--------+
         Total |     46 |     46 |      0 |      0 |      0 |   1 |   46.0 |
       Dungeon |     46 |     46 |      0 |      0 |      0 |   1 |   46.0 |
               +--------+--------+--------+--------+--------+-----+--------+

Top non-repeatable levels by time:
       D: 46 daAuts
